 Dungeon Sprint DCSS version 0.30.1-9-gdf580d7c3d (webtiles) character file.

Game seed: 2718175001208657153

863 Heoruswealwe the Spear-Bearer (level 7, -5/73 HPs)
             Began as a Minotaur Fighter on Sept 25, 2023.
             Was an Initiate of Gozag.
             Killed from afar by a steam dragon (13 damage)
             ... with a ball of steam
             ... in the Dungeon (Sprint IX: "|||||||||||||||||||||||||||||").
             The game lasted 00:02:55 (161 turns).

Heoruswealwe the Spear-Bearer (Minotaur Fighter)     Turns: 161, Time: 00:02:56

Health: -5/73      AC:  7    Str: 22    XL:     7   Next: 72%
Magic:  6/6        EV:  8    Int:  5    God:    Gozag
Gold:   0          SH:  0    Dex: 10    Spells: 6/6 levels left

rFire   . . .        b - +2 halberd (venom)
rCold   . . .        (shield currently unavailable)
rNeg    . . .        c - +1 chain mail
rPois   .            (helmet restricted)
rElec   .            h - +0 cloak
rCorr   .            f - +0 pair of gloves
SInv    .            (no boots)
Will    .....        (no amulet) Stlth
                     (no ring)
HPRegen 0.32/turn    (no ring)
MPRegen 0.10/turn

%: no teleportation
@: mighty, corroded, gold aura, hasted, very quick
A: horns 2, retaliatory headbutt
a: Renounce Religion, Potion Petition, Call Merchant, Bribe Branch


You were in the Dungeon.
You worshipped Gozag.
Gozag was noncommittal.
You visited 1 branch

Inventory:

Hand Weapons
 a - a +0 trident
 b - a +2 halberd of venom (weapon)
Armour
 c - a +1 chain mail (worn)
 d - a +0 buckler
 f - a +0 pair of gloves (worn)
 h - a +0 cloak (worn)
Wands
 i - a wand of roots (10)
Scrolls
 j - 2 scrolls of blinking
Potions
 e - 5 potions of curing
 l - a potion of invisibility


   Skills:
 + Level 10.8 Fighting
 * Level 14.3 Polearms
 + Level 10.8 Armour
 - Level 3.6 Shields


You had 6 spell levels left.
You didn't know any spells.
Your spell library was empty.

Dungeon Overview and Level Annotations

Branches:
Dungeon (1/1)

Altars:
Cheibriados
Dithmenos
Elyvilon
Fedhas
Gozag
Hepliaklqana
Kikubaaqudgha
Makhleb
Nemelex Xobeh
Okawaru
Qazlal
Ru
Sif Muna
Trog
Uskayaw
Vehumet
Wu Jian
Xom
Yredelemnul
Zin
The Shining One
Jiyva
Lugonu


Innate Abilities, Weirdness & Mutations

You have a pair of horns on your head.
You reflexively headbutt those who attack you in melee.


Message History

The kobold brigand shouts!
You slice the kobold brigand!!
The kobold brigand looks as sick as possible!
The kobold brigand is no longer distracted by gold.
The kobold brigand is almost dead.
The wyvern is no longer distracted by gold.
You slice the kobold brigand!!
You kill the kobold brigand!
You hit the wyvern but do no damage.
The wyvern is poisoned.
You headbutt the wyvern!
The wyvern is heavily wounded.
You hit the wyvern.
The wyvern looks as sick as possible!
The wyvern is severely wounded.
The howler monkey is no longer distracted by gold.
The wyvern completely misses you.
The howler monkey hoots and howls with incredible vigour!
You hear an angry buzzing noise.
You slice the wyvern!!
You kill the wyvern!
Your Polearms skill increases to level 14!
There is an open door to the Dungeon, spattered with blood here.
Items here: $ ( )).
You barely miss the howler monkey. You hit the howler monkey.
The howler monkey is moderately wounded.
The howler monkey hits you but does no damage.
You hit the howler monkey.
The howler monkey is poisoned.
The howler monkey is heavily wounded.
The howler monkey hits you.
* * * LOW HITPOINT WARNING * * *
You slice the howler monkey!!
You kill the howler monkey!
The steam dragon barely misses you. The steam dragon claws you.
* * * LOW HITPOINT WARNING * * *
You see here 54 gold pieces.
You barely miss the steam dragon. The steam dragon breathes steam at you.
The ball of steam hits you!
You die...
Your body crumbles into a pile of gold. ▓▓▓▓▓▓▓▓▓▓▓▓▓▓▓▓▓▓▓▓▓▓▓ _____'!?)[...==$@D....+ ▓▓▓▓▓▓▓▓▓▓▓▓▓▓▓▓▓▓▓▓▓▓▓ $ $ $$$$ $$$$$ $ $ $ $$$$$

You could see a steam dragon (catching breath).

Vanquished Creatures
  A gargoyle (D)
  A wyvern (D)
  An acid dragon (D)
  A water moccasin (D)
  A kobold brigand (D)
  A scorpion (D)
  A howler monkey (D)
  A sleepcap (D)
  An iguana (D)
  An adder (D)
  2 bats (D)
  A jackal (D)
  A quokka (D)
  A rat (D)
15 creatures vanquished.

Notes
Turn   | Place    | Note
-------+----------+-------------------------------------------
     0 | D        | Heoruswealwe the Minotaur Fighter began the quest for the
                  | Orb.
     0 | D        | Reached XP level 1. HP: 19/19 MP: 0/0
    12 | D        | Reached skill level 3 in Polearms
    25 | D        | Noticed a water moccasin
    25 | D        | Noticed a scorpion
    25 | D        | Noticed an iguana
    25 | D        | Noticed a sleepcap
    28 | D        | Killed a water moccasin
    29 | D        | Reached skill level 8 in Polearms
    29 | D        | Reached XP level 2. HP: 31/31 MP: 1/1
    29 | D        | Reached XP level 3. HP: 38/38 MP: 2/2
    29 | D        | Reached XP level 4. HP: 45/45 MP: 3/3
    32 | D        | Killed a scorpion
    33 | D        | Reached skill level 9 in Polearms
    33 | D        | Reached XP level 5. HP: 52/52 MP: 4/4
    37 | D        | Reached skill level 10 in Polearms
    44 | D        | Found a snail-covered altar of Cheibriados.
    44 | D        | Found a shadowy altar of Dithmenos.
    44 | D        | Found a white marble altar of Elyvilon.
    44 | D        | Found a blossoming altar of Fedhas.
    44 | D        | Found an opulent altar of Gozag.
    45 | D        | Found a hazy altar of Hepliaklqana.
    46 | D        | Found a viscous altar of Jiyva.
    47 | D        | Found an ancient bone altar of Kikubaaqudgha.
    48 | D        | Found a corrupted altar of Lugonu.
    49 | D        | Found a burning altar of Makhleb.
    50 | D        | Found a sparkling altar of Nemelex Xobeh.
    51 | D        | Found an iron altar of Okawaru.
    52 | D        | Became a worshipper of Gozag Ym Sagoz the Greedy
    53 | D        | Found a stormy altar of Qazlal.
    54 | D        | Found a sacrificial altar of Ru.
    55 | D        | Found a shimmering blue altar of Sif Muna.
    56 | D        | Found a bloodstained altar of Trog.
    57 | D        | Found a hide-covered altar of Uskayaw.
    58 | D        | Found a radiant altar of Vehumet.
    59 | D        | Found an ornate altar of the Wu Jian Council.
    60 | D        | Found a shimmering altar of Xom.
    61 | D        | Found a basalt altar of Yredelemnul.
    62 | D        | Found a glowing silver altar of Zin.
    63 | D        | Found a glowing golden altar of the Shining One.
   120 | D        | Noticed an acid dragon
   120 | D        | Noticed a gargoyle
   120 | D        | Noticed a wyvern
   120 | D        | Noticed a steam dragon
   129 | D        | Killed an acid dragon
   130 | D        | Reached skill level 11 in Polearms
   130 | D        | Reached XP level 6. HP: 38/62 MP: 5/5
   144 | D        | Killed a gargoyle
   145 | D        | Reached skill level 10 in Fighting
   145 | D        | Reached skill level 13 in Polearms
   145 | D        | Reached skill level 10 in Armour
   145 | D        | Reached XP level 7. HP: 18/72 MP: 6/6
   154 | D        | Killed a wyvern
   155 | D        | Reached skill level 14 in Polearms
   161 | D        | Killed from afar by a steam dragon

Illustrated notes

Levels and vault maps discovered:
D:        linesprint [early_d, line_temple, items_1, d_10, items_2, lair_1,
          lair_end, items_3, orc_1, orc_end, items_4, d_15, swamp_1, shoals_1,
          snake_1, spider_1, d_20, vaults_1, items_5, swamp_end, shoals_end,
          snake_end, spider_end, vaults_end, d_27, items_6, zot_1, zot_end,
          crypt_end, forest_end, elf_end, slime_end, tomb_end, abyss_end,
          pan_hell_end]

Skill      XL: |  1  2  3  4  5  6  7 |
---------------+----------------------+-----
Polearms       | 8 9 11 13 14 | 14.3
Fighting       | 6 7 8 10 | 10.8
Armour         | 6 7 8 10 | 10.8
Shields        | |  3.6

Action                     |  1- 3 |  4- 6 |  7- 9 || total
---------------------------+-------+-------+-------++-------
  Melee: Trident           |    14 |     9 |       ||    23
         Headbutt          |     1 |     9 |     2 ||    12
         Halberd           |       |    19 |    15 ||    34
    Use: Potion            |     1 |     5 |       ||     6
 Armour: Scale mail        |    11 |     1 |       ||    12
         Chain mail        |       |     2 |     1 ||     3
  Dodge: Dodged            |    11 |     7 |     3 ||    21
  Block: Buckler           |     1 |       |       ||     1
